 Dungeon Crawl Stone Soup version 0.30.1-11-g7821555f0a (webtiles) character file.

Game seed: 3871881417642858453

241 jagang the Trooper (level 6, -2/48 HPs)
             Began as a Human Monk on Dec 26, 2023.
             Was a Priest of Okawaru.
             Slain by a gnoll
             ... wielding a +0 whip
              (7 damage)
             ... on level 3 of the Dungeon.
             The game lasted 00:02:52 (1524 turns).

jagang the Trooper (Human Monk)                     Turns: 1524, Time: 00:02:53

Health: -2/48      AC:  3    Str: 11    XL:     6   Next: 30%
Magic:  5/6        EV: 13    Int: 11    God:    Okawaru [***...]
Gold:   88         SH:  0    Dex: 17    Spells: 5/5 levels left

rFire   . . .        a - +0 falchion
rCold   . . .        d - orb {light}
rNeg    . . .        b - +0 robe
rPois   .            (no helmet)
rElec   .            e - +0 cloak
rCorr   .            (no gloves)
SInv    .            (no boots)
Will    .....        (no amulet)
Stlth   +            h - ring of fire
HPRegen 0.28/turn    p - ring of ice
MPRegen 0.10/turn

%: no passive effects
@: glowing
A: no striking features
a: Renounce Religion, Heroism


You were on level 3 of the Dungeon.
You worshipped Okawaru.
Okawaru was most pleased with you.
You visited 1 branch of the dungeon, and saw 3 of its levels.

You collected 88 gold pieces.

Inventory:

Hand Weapons
 a - a +0 falchion (weapon)
Missiles
 j - 3 poisoned darts (quivered)
 n - 2 boomerangs
Armour
 b - a +0 robe (worn)
 d - an orb of light (worn)
 e - a +0 cloak (worn)
Jewellery
 h - a ring of fire (left hand)
 p - a ring of ice (right hand)
Scrolls
 f - 5 scrolls of identify {unknown}
 l - a scroll of noise {unknown}
Potions
 c - a potion of ambrosia
 g - a potion of resistance {unknown}
 i - 3 potions of curing {unknown}
 k - a potion of berserk rage {unknown}
 m - a potion of attraction {unknown}
 o - a potion of might {unknown}


   Skills:
 + Level 4.2 Fighting
 + Level 4.2 Long Blades
 - Level 2.3 Throwing
 + Level 2.7 Armour
 - Level 3.0 Dodging
 + Level 0.1 Invocations


You had 5 spell levels left.
You didn't know any spells.
Your spell library contained the following spells:

 Spells                   Type           Power      Damage    Failure   Level
 Foxfire                  Conj/Fire      0%         2x1d4     34%         1


Dungeon Overview and Level Annotations

Branches:
Dungeon (3/15)

Altars:
Okawaru

Shops:
D:2 (

Annotations:
D:3 2 transporters, bitcoinman's ghost, amateur DECj


Message History

The gnoll is moderately wounded.
The gnoll barely misses you.
You hit the gnoll but do no damage.
The gnoll is moderately wounded.
The gnoll closely misses you.
You barely miss the gnoll.
The gnoll is moderately wounded.
The gnoll hits you but does no damage.
You hit the gnoll.
The gnoll is moderately wounded.
The gnoll hits you with a +0 club.
You hit the gnoll.
The gnoll is heavily wounded.
The gnoll misses you.
You hit the gnoll.
The gnoll is heavily wounded.
You feel like a meek peon again.
You hit the gnoll.
The gnoll is moderately wounded.
The gnoll completely misses you.
The gnoll hits you from afar with a +0 halberd!
The gnoll hits you with a +0 whip.
You hit the gnoll.
The gnoll is heavily wounded.
The gnoll hits you but does no damage. The gnoll closely misses you.
The gnoll hits you with a +0 whip.
You hit the gnoll but do no damage.
The gnoll is heavily wounded.
The gnoll hits you with a +0 club.
The gnoll hits you from afar with a +0 halberd!
* * * LOW HITPOINT WARNING * * *
The gnoll hits you with a +0 whip.
* * * LOW HITPOINT WARNING * * *
You hit the gnoll but do no damage.
The gnoll is heavily wounded.
The gnoll barely misses you. The gnoll closely misses you. x2
You hit the gnoll but do no damage.
The gnoll is heavily wounded.
The gnoll barely misses you. x2; The gnoll hits you with a +0 whip!
You die...

.#.......# #.# #
........# #.# ./.....
#.# ..... #.# ## ...
#.#### ##.###.# #....###
.####...##.########.....
........(...............
.....$g@....#######...##
#<####g##...# #..### #g
#...# #...## .......#
#.#.## #..##.#.# #.....
#.. ....# ###.##
......### #.# #.# #.#
#.#


You could see 3 gnolls.

Vanquished Creatures
  Sigmund (D:2)
  A gnoll (D:3)
  4 adders (D:2)
  3 dart slugs
  3 endoplasms
  2 giant cockroaches
  3 goblins
  2 hobgoblins
  5 kobolds
  3 quokkas
  2 ball pythons
  4 bats
  A frilled lizard (D:1)
  3 rats
37 creatures vanquished.

Notes
Turn   | Place    | Note
-------+----------+-------------------------------------------
     0 | D:1      | jagang the Human Monk began the quest for the Orb.
     0 | D:1      | Reached XP level 1. HP: 18/18 MP: 1/1
   148 | D:1      | Reached XP level 2. HP: 24/24 MP: 2/2
   392 | D:1      | Reached skill level 1 in Armour
   457 | D:1      | Found a faded altar of an unknown god.
   462 | D:1      | Got Plato's Dissertation on Hyperthermia
   465 | D:1      | Prayed at the altar of an unknown god.
   465 | D:1      | Became a worshipper of Warmaster Okawaru
   465 | D:1      | Reached * piety under Okawaru
   465 | D:1      | Reached ** piety under Okawaru
   743 | D:2      | Noticed Sigmund
   759 | D:2      | Killed Sigmund
   759 | D:2      | Reached *** piety under Okawaru
   759 | D:2      | Received a gift from Okawaru
   760 | D:2      | Reached XP level 3. HP: 16/30 MP: 3/3
   760 | D:2      | Reached XP level 4. HP: 20/37 MP: 4/4
   760 | D:2      | Reached XP level 5. HP: 23/42 MP: 5/5
   896 | D:2      | Found Emuer's Antique Weapon Shoppe.
   905 | D:2      | Reached XP level 6. HP: 45/48 MP: 6/6
  1206 | D:3      | Found a transporter.
  1214 | D:3      | Noticed bitcoinman's ghost (amateur DECj)
  1302 | D:3      | Found a transporter.
  1524 | D:3      | Slain by a gnoll

Illustrated notes

Levels and vault maps discovered:
D:1:      spicycebolla_arrival_xxxplode, layout_rooms,
          shapermc_ecumenical_altar_rom_forum
D:2:      layout_rooms, serial_shops, nicolae_shop_advertising_works
          [nicolae_subvault_shop_adworks], uniq_sigmund
D:3:      layout_loops_corners, gammafunk_ghost_arena

Skill      XL: |  1  2 |
---------------+-------+-----
Armour         | 2 |  2.7
Fighting       | 4 |  4.2
Long Blades    | 4 |  4.2
Throwing       | 2 |  2.3
Dodging        | |  3.0
Invocations    | |  0.1

Action                     |  1- 3 |  4- 6 || total
---------------------------+-------+-------++-------
  Melee: Falchion          |    50 |    59 ||   109
  Throw: Dart              |     1 |       ||     1
 Invoke: Heroism           |       |     1 ||     1
 Armour: Robe              |    13 |    11 ||    24
  Dodge: Dodged            |    29 |    44 ||    73
